Map: Purity and Industry LE

Players

TheTiny - Winner!

  • Race: Zerg Zerg
  • League: Diamond
  • Spawn Location: 3:00

Ineffable

  • Race: Terran Terran
  • League: Master
  • Spawn Location: 12:00

VOD

Have the link to the VOD?

Description

Time

  • Played on: April 24, 2020, 7:08 p.m.
  • Length: 5:46
Show
View Real Time Build Order
Export as new Build Order

TheTiny Zerg - Winner!

Build Orders: Hatch First 

Get SALT Encoding   

  12  0:00  Drone  
  13  0:12  Overlord  
  13  0:17  Drone  
  14  0:32  Drone x2  
  16  0:50  Hatchery  
  16  0:52  Drone  
  16  0:55  Drone  
  17  0:59  Drone  
  18  1:09  Extractor  
  17  1:15  Spawning Pool  
  17  1:17  Drone  
  17  1:20  Drone  
  18  1:28  Drone  
  19  1:38  Overlord  
  19  1:53  Drone  
  20  2:03  Queen x2  
  20  2:04  Zergling x2  
  20  2:05  Zergling x2  
  26  2:22  Hatchery  
  25  2:26  Metabolic Boost  
  25  2:30  Drone  
  25  2:32  Drone  
  25  2:35  Drone  
  28  2:38  Drone  
  29  2:44  Drone  
  30  2:52  Roach Warren  
  30  2:54  Drone  
  30  2:57  Drone  
  31  3:00  Drone  
  31  3:03  Drone  
  33  3:12  Overlord  
  33  3:19  Overlord  
  31  3:20  Overlord  
  31  3:22  Drone  
  32  3:33  Roach x2  
  32  3:34  Roach x2  
  40  3:37  Roach  
  40  3:40  Roach  
  44  3:44  Roach  
  44  3:47  Roach  
  48  3:50  Roach  
  50  4:02  Roach  
  52  4:05  Spine Crawler  
  52  4:06  Zergling x4  
  52  4:07  Zergling x2, Spine Crawler  
  53  4:10  Zergling x2  
  53  4:12  Zergling x2  
  53  4:15  Zergling x2  
  56  4:21  Roach  
  56  4:22  Roach  
  57  4:37  Roach  
  43  4:46  Zergling x2  
  43  4:48  Roach x2  
  34  4:55  Zergling x4  
  34  4:56  Zergling x10  
  33  5:02  Zergling x2  
  34  5:13  Zergling x4  
  28  5:18  Zergling x4  
  26  5:22  Zergling x2  
  26  5:26  Zergling x2  
Show
View Real Time Build Order
Export as new Build Order

Ineffable Terran 

Build Orders:  

Get SALT Encoding   

  12  0:01  SCV  
  13  0:13  SCV  
  14  0:17  Supply Depot  
  14  0:25  SCV  
  15  0:39  SCV  
  15  0:40  Barracks  
  16  0:51  SCV  
  16  0:55  Supply Depot  
  17  1:03  Barracks  
  17  1:15  Barracks  
  17  1:27  Orbital Command  
  17  1:38  Marine  
  18  1:45  Barracks  
  18  1:53  Marine  
  19  1:56  Marine  
  20  2:07  Barracks  
  20  2:08  Marine  
  20  2:13  Barracks  
  20  2:14  Marine  
  22  2:19  Marine  
  23  2:27  Marine  
  23  2:28  Supply Depot  
  24  2:33  Marine x2  
  24  2:36  Marine  
  27  2:45  Marine  
  27  2:51  Marine x2  
  28  2:54  Marine  
  28  2:57  Supply Depot  
  28  2:58  Marine  
  32  3:01  Marine  
  33  3:08  Marine  
  33  3:09  Marine  
  35  3:17  Marine x2  
  35  3:19  Marine  
  38  3:24  Marine  
  38  3:26  Marine  
  40  3:29  Marine  
  41  3:35  Marine x2  
  43  3:43  Marine x2  
  45  3:49  Marine  
  45  3:50  Marine  
  47  4:29  Marine  
  47  4:31  Marine  
  47  4:32  Marine  
  36  4:45  Marine x3  
  21  5:00  Marine x2  
  19  5:16  Marine  
Tags
 
Add a new tag
Caveats
  • Supply blocks, unpowered buildings, or Contaminate may cause inaccurate times.
  • Supply counts are checked every 10 seconds.